Rocket vs Wolves
Created - December 6, 2023 at 19:11
Goals
|
| Rocket |
1 |
1 |
0 |
0 |
2 |
| Wolves |
0 |
1 |
1 |
1 |
3 |
|
Shots
|
| Rocket |
14 |
14 |
1 |
0 |
29 |
| Wolves |
12 |
5 |
6 |
1 |
24 |
|
1st period
1. Rocket , Brandon Pirri 9 (Adam Gaudette 16, Dean Kukan 8) at 9:36 (PP)
Penalties :
Jalen Chatfield (Chi) for Holding Stick (Minor) at 8:04, Victor Olofsson (Chi) for Interference (Minor) at 15:07
2nd period
2. Wolves , Jakub Zboril 6 (Jake Evans 10, Wade Allison 7) at 13:52
3. Rocket , Brandon Pirri 10 (Adam Gaudette 17, Dominic Turgeon 19) at 13:56
Penalties :
Adam Gaudette (Lav) for Holding (Minor) at 10:07, Jakub Zboril (Chi) for Tripping (Minor) at 14:20
3rd period
4. Wolves , Thomas Spelling 12 (Jakub Zboril 18) at 5:44
Penalties :
Eric Robinson (Chi) for Hooking (Minor) at 1:52, Luke Kunin (Lav) for Hooking (Minor) at 11:56
Overtime #1
5. Wolves , Thomas Spelling 13 (Jalen Chatfield 10, Antti Suomela 11) at 0:43
Penalties :
No Penalty
Goalie Stats
Jamie Phillips (Lav), 21 saves from 24 shots - (0.875), OTL, 6-6-3, 60:43 minutes
Ebbe Siönäs (Chi), 27 saves from 29 shots - (0.931), W, 14-5-1, 60:43 minutes
Players Stats for Rocket
Player Name G A P +/- PIM S H SB GA TA FO MP PP MP PK MP
------------------------------------------------------------------------------------
Adam Gaudette 0 2 2 1 2 1 2 0 2 2 0/0 22:58 4:33 0:57
Andrei Mironov 0 0 0 -1 0 1 0 1 1 0 0/0 21:00 2:22 1:32
Andrey Pedan 0 0 0 -1 0 1 1 0 0 0 0/0 20:48 2:22 1:32
Branden Troock 0 0 0 -1 0 1 0 0 0 1 0/0 10:21 0:54 0:00
Brandon Pirri 2 0 2 0 0 8 5 0 2 0 2/5 22:14 4:29 1:43
Dean Kukan 0 1 1 -2 0 0 1 0 0 1 0/0 25:59 5:07 2:26
Dominic Turgeon 0 1 1 -1 0 1 1 0 0 0 14/23 22:51 4:33 2:09
Dylan DeMelo 0 0 0 1 0 1 0 0 0 0 0/0 13:56 0:00 0:00
Jack Glover 0 0 0 1 0 1 1 0 1 0 0/0 13:56 0:00 0:00
Jakob Lilja 0 0 0 0 0 0 2 0 0 0 0/0 13:32 0:07 0:37
JC Lipon 0 0 0 0 0 1 1 0 0 0 1/1 10:38 0:07 0:00
Karson Kuhlman 0 0 0 0 0 4 2 0 2 0 4/6 13:35 0:03 0:27
Luke Kunin 0 0 0 -1 2 1 0 0 0 0 3/3 8:50 0:00 0:00
Peter Holland 0 0 0 -1 0 1 3 0 1 0 7/15 18:15 2:53 1:46
Raphael Bussieres 0 0 0 -1 0 1 2 1 0 0 0/0 7:39 0:00 0:00
Scott Wilson 0 0 0 0 0 3 1 0 0 0 0/1 10:28 1:55 0:00
Sergey Tolchinsky 0 0 0 -1 0 1 0 0 1 0 0/0 15:53 2:53 0:17
Viktor Loov 0 0 0 -1 0 2 1 0 0 0 0/0 25:16 5:07 2:26
Players Stats for Wolves
Player Name G A P +/- PIM S H SB GA TA FO MP PP MP PK MP
------------------------------------------------------------------------------------
Antti Suomela 0 1 1 2 0 1 2 1 0 1 8/15 16:57 1:54 3:21
Cedric Paquette 0 0 0 -1 0 2 1 2 0 1 11/29 22:06 2:01 3:21
Dylan Coghlan 0 0 0 0 0 0 0 3 0 0 0/0 21:25 1:24 3:59
Eric Robinson 0 0 0 -1 2 2 2 0 0 0 0/2 21:07 2:04 2:26
Hayden Hodgson 0 0 0 1 0 0 0 0 0 2 0/0 17:07 1:54 3:46
Jake Evans 0 1 1 1 0 1 0 0 0 0 0/0 10:55 0:00 0:00
Jakub Zboril 1 1 2 2 2 2 0 1 1 1 0/0 24:15 2:34 2:28
Jalen Chatfield 0 1 1 1 2 3 3 2 2 0 0/0 25:27 2:34 3:25
Jasper Weatherby 0 0 0 0 0 2 1 0 0 1 1/1 10:56 0:03 0:47
Jonah Gadjovich 0 0 0 1 0 0 2 1 0 0 1/3 12:15 0:00 1:10
Jordan Harris 0 0 0 0 0 1 0 0 0 0 0/0 15:07 0:00 1:02
Maksim Sushko 0 0 0 0 0 0 0 0 0 0 0/1 9:23 0:00 0:00
Matthew Kiersted 0 0 0 0 0 0 0 1 0 1 0/0 14:32 0:00 1:02
Parker Kelly 0 0 0 0 0 1 1 0 0 0 0/0 9:30 0:00 0:07
Samuel Girard 0 0 0 0 0 0 0 1 0 3 0/0 20:38 1:24 3:02
Thomas Spelling 2 0 2 2 0 6 2 0 0 0 0/1 13:25 1:54 0:00
Victor Olofsson 0 0 0 -1 2 3 4 0 0 0 2/2 18:56 2:04 0:00
Wade Allison 0 1 1 1 0 0 1 0 1 0 0/0 10:35 0:00 0:00
3 Stars
1 - Thomas Spelling (Chi)
2 - Brandon Pirri (Lav)
3 - Jakub Zboril (Chi)
Power Play
Rocket - 1 on 4 Attempt(s) - 25.00%
Wolves - 0 on 2 Attempt(s) - 0.00%
Penalty Kill
Rocket - 2 on 2 Attempt(s) - 100.00%
- Score 0 goal in Penalty Kill
Wolves - 3 on 4 Attempt(s) - 75.00%
- Score 0 goal in Penalty Kill
Team Stat
Rocket - Hits : 23 - Faceoff Wins : 31 - Blocked Shots : 2 - Penalty Minutes : 4
Wolves - Hits : 19 - Faceoff Wins : 23 - Blocked Shots : 12 - Penalty Minutes : 8
Official
Referees : Mitch Dunning and Chris Lee
Linesman : Mark Shewchyk and Pierre Racicot
Game Notes
Scott Wilson is injured at 1:28 of 3rd period (Strained Back)
Finance
Level 1 -- Attendance: 1801 (90.05%) -- Ticket Income $126,070
Level 2 -- Attendance: 880 (88.00%) -- Ticket Income $35,200
Total Attendance: 2681 (89.37%)
Total Ticket Income: $161,270
Other Income: $8,064
Total Income: $169,334
Rocket
5 vs 5 Forward
Center Left Wing Right Wing Time % Phy DF OF
1 Dominic Turgeon Brandon Pirri Adam Gaudette 40 0 2 3
2 Peter Holland Sergey Tolchinsky Scott Wilson 30 0 2 3
3 Karson Kuhlman Jakob Lilja JC Lipon 20 0 3 2
4 Luke Kunin Raphael Bussieres Branden Troock 10 0 3 2
5 vs 5 Defense
Defense Defense Time % Phy DF OF
1 Dean Kukan Viktor Loov 40 0 2 3
2 Andrey Pedan Andrei Mironov 30 0 2 3
3 Dylan DeMelo Jack Glover 20 0 3 2
4 Dean Kukan Viktor Loov 10 0 1 4
PowerPlay Forward
Center Left Wing Right Wing Time % Phy DF OF
1 Dominic Turgeon Brandon Pirri Adam Gaudette 60 0 2 3
2 Peter Holland Sergey Tolchinsky Scott Wilson 40 0 2 3
PowerPlay Defense
Defense Defense Time % Phy DF OF
1 Dean Kukan Viktor Loov 60 0 2 3
2 Andrey Pedan Andrei Mironov 40 0 2 3
Penalty Kill 4 Players Forward
Center Wing Time % Phy DF OF
1 Dominic Turgeon Adam Gaudette 60 0 4 1
2 Peter Holland Sergey Tolchinsky 40 0 4 1
Penalty Kill 4 Players Defense
Defense Defense Time % Phy DF OF
1 Dean Kukan Viktor Loov 60 0 4 1
2 Andrey Pedan Andrei Mironov 40 0 4 1
Penalty Kill - 3 Players Forward
Forward Time % Phy DF OF
1 Dominic Turgeon 60 0 5 0
2 Peter Holland 40 0 5 0
Penalty Kill - 3 Players Defense
Defense Defense Time % Phy DF OF
1 Dean Kukan Viktor Loov 60 0 5 0
2 Andrey Pedan Andrei Mironov 40 0 5 0
4 vs 4 Forward
Center Wing Time % Phy DF OF
1 Dominic Turgeon Jakob Lilja 60 1 2 2
2 Peter Holland Raphael Bussieres 40 1 2 2
4 vs 4 Defense
Defense Defense Time % Phy DF OF
1 Dean Kukan Viktor Loov 60 1 2 2
2 Andrey Pedan Andrei Mironov 40 1 2 2
Last Minutes Offensive
Center Left Wing Right Wing Defense Defense
Dominic Turgeon Brandon Pirri Adam Gaudette Dean Kukan Viktor Loov
Last Minutes Defensive
Center Left Wing Right Wing Defense Defense
Dominic Turgeon Raphael Bussieres Adam Gaudette Dean Kukan Viktor Loov
Goaltenders
Starting : Jamie Phillips
Backup : Eamon McAdam
Extra Forwards
Normal : Peter Holland, Sergey Tolchinsky, Karson Kuhlman - PP : Peter Holland, Sergey Tolchinsky - PK : Peter Holland
Extra Defensemen
Normal : Andrei Mironov, Dylan DeMelo, Jack Glover - PP : Andrei Mironov - PK : Andrei Mironov, Dylan DeMelo
Penalty Shots
Adam Gaudette, Brandon Pirri, Scott Wilson, Dominic Turgeon, Peter Holland
Custom OT Lines Forwards
Adam Gaudette, Brandon Pirri, Scott Wilson, Dominic Turgeon, Peter Holland, Sergey Tolchinsky, Karson Kuhlman, Jakob Lilja, JC Lipon, Luke Kunin
Custom OT Lines Defensemen
Dean Kukan, Viktor Loov, Andrey Pedan, Andrei Mironov, Dylan DeMelo
Scratches
Damien Giroux (Healthy), Reese Johnson (Healthy), Jake Pivonka (Healthy), Francis Perron (Healthy), Rasmus Sandin (Healthy)
Ryan Collins (Healthy), Taylor Leier (Healthy), MacKenzie Entwistle (Healthy), Zack MacEwen (Healthy), Mikhail Maltsev (Healthy)
Niklas Nordgren (Healthy), Alexis Gravel (Healthy), Connor Ingram (Healthy)
Wolves
5 vs 5 Forward
Center Left Wing Right Wing Time % Phy DF OF
1 Cedric Paquette Eric Robinson Victor Olofsson 40 1 2 2
2 Antti Suomela Hayden Hodgson Thomas Spelling 30 1 2 2
3 Jake Evans Jonah Gadjovich Wade Allison 20 1 2 2
4 Jasper Weatherby Parker Kelly Maksim Sushko 10 1 2 2
5 vs 5 Defense
Defense Defense Time % Phy DF OF
1 Jalen Chatfield Jakub Zboril 40 1 2 2
2 Samuel Girard Dylan Coghlan 30 1 2 2
3 Matthew Kiersted Jordan Harris 20 1 2 2
4 Jalen Chatfield Jakub Zboril 10 1 2 2
PowerPlay Forward
Center Left Wing Right Wing Time % Phy DF OF
1 Cedric Paquette Eric Robinson Victor Olofsson 60 1 2 2
2 Antti Suomela Hayden Hodgson Thomas Spelling 40 1 2 2
PowerPlay Defense
Defense Defense Time % Phy DF OF
1 Jalen Chatfield Jakub Zboril 60 1 2 2
2 Samuel Girard Dylan Coghlan 40 1 2 2
Penalty Kill 4 Players Forward
Center Wing Time % Phy DF OF
1 Cedric Paquette Eric Robinson 60 1 2 2
2 Antti Suomela Hayden Hodgson 40 1 2 2
Penalty Kill 4 Players Defense
Defense Defense Time % Phy DF OF
1 Jalen Chatfield Jakub Zboril 60 1 2 2
2 Samuel Girard Dylan Coghlan 40 1 2 2
Penalty Kill - 3 Players Forward
Forward Time % Phy DF OF
1 Cedric Paquette 60 1 2 2
2 Antti Suomela 40 1 2 2
Penalty Kill - 3 Players Defense
Defense Defense Time % Phy DF OF
1 Jalen Chatfield Jakub Zboril 60 1 2 2
2 Samuel Girard Dylan Coghlan 40 1 2 2
4 vs 4 Forward
Center Wing Time % Phy DF OF
1 Cedric Paquette Eric Robinson 60 1 2 2
2 Antti Suomela Hayden Hodgson 40 1 2 2
4 vs 4 Defense
Defense Defense Time % Phy DF OF
1 Jalen Chatfield Jakub Zboril 60 1 2 2
2 Samuel Girard Dylan Coghlan 40 1 2 2
Last Minutes Offensive
Center Left Wing Right Wing Defense Defense
Cedric Paquette Eric Robinson Victor Olofsson Jalen Chatfield Jakub Zboril
Last Minutes Defensive
Center Left Wing Right Wing Defense Defense
Cedric Paquette Eric Robinson Victor Olofsson Jalen Chatfield Jakub Zboril
Goaltenders
Starting : Ebbe Siönäs
Backup : Ukko-Pekka Luukkonen
Extra Forwards
Normal : Eric Robinson, Hayden Hodgson, Jake Evans - PP : Eric Robinson, Hayden Hodgson - PK : Eric Robinson
Extra Defensemen
Normal : Dylan Coghlan, Matthew Kiersted, Jordan Harris - PP : Dylan Coghlan - PK : Dylan Coghlan, Matthew Kiersted
Penalty Shots
Victor Olofsson, Cedric Paquette, Antti Suomela, Thomas Spelling, Eric Robinson
Custom OT Lines Forwards
Victor Olofsson, Cedric Paquette, Antti Suomela, Thomas Spelling, Eric Robinson, Hayden Hodgson, Jake Evans, Wade Allison, Jonah Gadjovich, Jasper Weatherby
Custom OT Lines Defensemen
Jalen Chatfield, Jakub Zboril, Samuel Girard, Dylan Coghlan, Matthew Kiersted
Scratches
Sasha Chmelevski (Healthy), Fredrik Olofsson (Healthy), Jacob Olofsson (Healthy), Jacob Middleton (Healthy), Corey Shueneman (Healthy)
Stelio Mattheos (Healthy), Ian Scott (Healthy)
% Time on Ice - Rocket
Lines # - Real PCT - Wanted PCT - Time Play
Normal Forward
1 - 34% - 40% - 16:24
2 - 30% - 30% - 14:43
3 - 20% - 20% - 9:53
4 - 16% - 10% - 7:33
Normal Defense
1 - 34% - 40% - 16:37
2 - 35% - 30% - 16:54
3 - 29% - 20% - 13:56
4 - 2% - 10% - 1:06
PP Forward
1 - 58% - 60% - 4:19
2 - 42% - 40% - 3:10
PP Defense
1 - 68% - 60% - 5:07
2 - 32% - 40% - 2:22
PK Forward
1 - 93% - 60% - 3:41
2 - 7% - 40% - 0:17
PK Defense
1 - 61% - 60% - 2:26
2 - 39% - 40% - 1:32
PK3 Forward
1 - 0% - 60%
2 - 0% - 40%
PK3 Defense
1 - 0% - 60%
2 - 0% - 40%
44 Forward
1 - 0% - 60%
2 - 0% - 40%
44 Defense
1 - 0% - 60%
2 - 0% - 40%
Last Minute Offensive - 0:00
Last Minute Defensive - 0:00
Total
Forward - 60:00
Defense - 60:00
|
% Time on Ice - Wolves
Lines # - Real PCT - Wanted PCT - Time Play
Normal Forward
1 - 36% - 40% - 17:16
2 - 23% - 30% - 11:19
3 - 22% - 20% - 10:35
4 - 19% - 10% - 9:23
Normal Defense
1 - 38% - 40% - 18:18
2 - 33% - 30% - 16:12
3 - 27% - 20% - 13:03
4 - 2% - 10% - 1:00
PP Forward
1 - 52% - 60% - 2:04
2 - 48% - 40% - 1:54
PP Defense
1 - 65% - 60% - 2:34
2 - 35% - 40% - 1:24
PK Forward
1 - 80% - 60% - 5:59
2 - 20% - 40% - 1:30
PK Defense
1 - 59% - 60% - 4:27
2 - 41% - 40% - 3:02
PK3 Forward
1 - 0% - 60%
2 - 0% - 40%
PK3 Defense
1 - 0% - 60%
2 - 0% - 40%
44 Forward
1 - 0% - 60%
2 - 0% - 40%
44 Defense
1 - 0% - 60%
2 - 0% - 40%
Last Minute Offensive - 0:00
Last Minute Defensive - 0:00
Total
Forward - 60:00
Defense - 60:00
|
Play-by-Play
1st period
0:01 of 1st period - Cedric Paquette wins face-off versus Dominic Turgeon in neutral zone.
0:04 of 1st period - Snap shot by Cedric Paquette.
0:04 of 1st period - Shot Misses the Net.
0:06 of 1st period - Snap shot by Cedric Paquette.
0:06 of 1st period - Shot Misses the Net.
0:08 of 1st period - Slapshot by Cedric Paquette.
0:08 of 1st period - Stopped by Jamie Phillips without a rebound.
0:09 of 1st period - Cedric Paquette wins face-off versus Dominic Turgeon in Rocket zone.
0:18 of 1st period - Wrist shot by Cedric Paquette.
0:18 of 1st period - Shot Misses the Net.
0:20 of 1st period - Slapshot by Jalen Chatfield.
0:20 of 1st period - Stopped by Jamie Phillips without a rebound.
0:21 of 1st period - Antti Suomela wins face-off versus Peter Holland in Rocket zone.
0:24 of 1st period - Wrist shot by Thomas Spelling.
0:24 of 1st period - Stopped by Jamie Phillips without a rebound.
0:25 of 1st period - Antti Suomela wins face-off versus Peter Holland in Rocket zone.
0:52 of 1st period - Wrist shot by Karson Kuhlman.
0:52 of 1st period - Shot Misses the Net.
1:20 of 1st period - Snap shot by Branden Troock.
1:20 of 1st period - Stopped by Ebbe Siönäs with a rebound.
1:34 of 1st period - Wrist shot by Adam Gaudette.
1:34 of 1st period - Stopped by Ebbe Siönäs without a rebound.
1:35 of 1st period - Dominic Turgeon wins face-off versus Cedric Paquette in Wolves zone.
2:17 of 1st period - Slapshot by Brandon Pirri.
2:17 of 1st period - Shot Blocked by Jakub Zboril.
2:40 of 1st period - Slapshot by Adam Gaudette.
2:40 of 1st period - Shot Blocked by Jalen Chatfield.
2:45 of 1st period - Off-side.
2:46 of 1st period - Antti Suomela wins face-off versus Peter Holland in neutral zone.
2:59 of 1st period - Slapshot by Sergey Tolchinsky.
2:59 of 1st period - Stopped by Ebbe Siönäs without a rebound.
3:00 of 1st period - Peter Holland wins face-off versus Cedric Paquette in Wolves zone.
3:11 of 1st period - Backhand shot by Scott Wilson.
3:11 of 1st period - Shot Blocked by Cedric Paquette.
4:12 of 1st period - Jasper Weatherby is hit by Peter Holland and loses puck.
4:38 of 1st period - Wrist shot by Cedric Paquette.
4:38 of 1st period - Deflect By Eric Robinson.
4:38 of 1st period - Stopped by Jamie Phillips with a rebound.
4:40 of 1st period - Wrist shot by Victor Olofsson.
4:40 of 1st period - Stopped by Jamie Phillips without a rebound.
4:41 of 1st period - Antti Suomela wins face-off versus Karson Kuhlman in Rocket zone.
5:06 of 1st period - Sergey Tolchinsky is hit by Jalen Chatfield and loses puck.
5:15 of 1st period - Snap shot by Scott Wilson.
5:15 of 1st period - Shot Misses the Net.
6:11 of 1st period - Wade Allison is hit by Karson Kuhlman and loses puck.
7:02 of 1st period - Snap shot by Victor Olofsson.
7:02 of 1st period - Stopped by Jamie Phillips without a rebound.
7:03 of 1st period - Karson Kuhlman wins face-off versus Antti Suomela in Rocket zone.
7:08 of 1st period - Slapshot by Jack Glover.
7:08 of 1st period - Deflect By Jalen Chatfield.
7:08 of 1st period - Stopped by Ebbe Siönäs without a rebound.
7:09 of 1st period - Antti Suomela wins face-off versus Karson Kuhlman in Wolves zone.
7:21 of 1st period - Snap shot by Karson Kuhlman.
7:21 of 1st period - Stopped by Ebbe Siönäs without a rebound.
7:22 of 1st period - Cedric Paquette wins face-off versus Peter Holland in Wolves zone.
7:35 of 1st period - Slapshot by Scott Wilson.
7:35 of 1st period - Stopped by Ebbe Siönäs with a rebound.
7:37 of 1st period - Snap shot by Viktor Loov.
7:37 of 1st period - Shot Misses the Net.
7:58 of 1st period - Snap shot by Brandon Pirri.
7:58 of 1st period - Shot Misses the Net.
8:04 of 1st period - Minor Penalty to Jalen Chatfield for Holding Stick.
8:05 of 1st period - Dominic Turgeon wins face-off versus Cedric Paquette in Wolves zone.
8:10 of 1st period - Snap shot by Brandon Pirri.
8:10 of 1st period - Shot Blocked by Samuel Girard.
9:06 of 1st period - Snap shot by Brandon Pirri.
9:06 of 1st period - Stopped by Ebbe Siönäs with a rebound.
9:08 of 1st period - Slapshot by Dean Kukan.
9:08 of 1st period - Shot Misses the Net.
9:36 of 1st period - Snap shot by Brandon Pirri.
9:36 of 1st period - Goal by Brandon Pirri - Rocket : 1 - Wolves : 0.
9:37 of 1st period - Cedric Paquette wins face-off versus Peter Holland in neutral zone.
10:09 of 1st period - Snap shot by Maksim Sushko.
10:09 of 1st period - Shot Misses the Net.
10:11 of 1st period - Snap shot by Jordan Harris.
10:11 of 1st period - Stopped by Jamie Phillips with a rebound.
10:13 of 1st period - Wrist shot by Jasper Weatherby.
10:13 of 1st period - Stopped by Jamie Phillips without a rebound.
10:14 of 1st period - Luke Kunin wins face-off versus Cedric Paquette in Rocket zone.
10:28 of 1st period - Wrist shot by Cedric Paquette.
10:28 of 1st period - Stopped by Jamie Phillips without a rebound.
10:29 of 1st period - Peter Holland wins face-off versus Thomas Spelling in Rocket zone.
10:59 of 1st period - Wrist shot by Karson Kuhlman.
10:59 of 1st period - Stopped by Ebbe Siönäs without a rebound.
11:00 of 1st period - Brandon Pirri wins face-off versus Cedric Paquette in Wolves zone.
11:05 of 1st period - Wrist shot by Brandon Pirri.
11:05 of 1st period - Stopped by Ebbe Siönäs without a rebound.
11:06 of 1st period - Cedric Paquette wins face-off versus Brandon Pirri in Wolves zone.
11:15 of 1st period - Slapshot by Victor Olofsson.
11:15 of 1st period - Stopped by Jamie Phillips with a rebound.
11:17 of 1st period - Wrist shot by Jalen Chatfield.
11:17 of 1st period - Stopped by Jamie Phillips without a rebound.
11:18 of 1st period - Cedric Paquette wins face-off versus Dominic Turgeon in Rocket zone.
11:37 of 1st period - Victor Olofsson is hit by Brandon Pirri and loses puck.
11:56 of 1st period - Wrist shot by JC Lipon.
11:56 of 1st period - Stopped by Ebbe Siönäs with a rebound.
11:58 of 1st period - Snap shot by Karson Kuhlman.
11:58 of 1st period - Stopped by Ebbe Siönäs with a rebound.
12:26 of 1st period - Hayden Hodgson is hit by Peter Holland and loses puck.
12:42 of 1st period - Icing by Sergey Tolchinsky.
12:43 of 1st period - Jonah Gadjovich wins face-off versus Peter Holland in Rocket zone.
13:10 of 1st period - Snap shot by Adam Gaudette.
13:10 of 1st period - Deflect By Dominic Turgeon.
13:10 of 1st period - Shot Misses the Net.
13:10 of 1st period - Puck is out of play.
13:11 of 1st period - Jasper Weatherby wins face-off versus Dominic Turgeon in Wolves zone.
13:32 of 1st period - Backhand shot by Parker Kelly.
13:32 of 1st period - Stopped by Jamie Phillips with a rebound.
13:44 of 1st period - Wrist shot by Karson Kuhlman.
13:44 of 1st period - Shot Misses the Net.
13:46 of 1st period - Slapshot by Viktor Loov.
13:46 of 1st period - Stopped by Ebbe Siönäs with a rebound.
13:58 of 1st period - Branden Troock is hit by Jalen Chatfield and loses puck.
14:17 of 1st period - Hayden Hodgson is hit by Jack Glover and loses puck.
15:07 of 1st period - Minor Penalty to Victor Olofsson for Interference.
15:08 of 1st period - Dominic Turgeon wins face-off versus Eric Robinson in Wolves zone.
15:08 of 1st period - Snap shot by Adam Gaudette.
15:08 of 1st period - Shot Misses the Net.
17:07 of 1st period - Penalty to Victor Olofsson is over, Victor Olofsson is back on ice.
17:08 of 1st period - Victor Olofsson is hit by Andrey Pedan and loses puck.
17:52 of 1st period - Jasper Weatherby is hit by Raphael Bussieres.
19:38 of 1st period - Off-side.
19:39 of 1st period - Peter Holland wins face-off versus Jonah Gadjovich in neutral zone.
19:48 of 1st period - Snap shot by Peter Holland.
19:48 of 1st period - Deflect By Jake Evans.
19:48 of 1st period - Shot Blocked by Jonah Gadjovich.
19:48 of 1st period - Puck is out of play.
19:49 of 1st period - Dominic Turgeon wins face-off versus Cedric Paquette in Wolves zone.
19:56 of 1st period - Snap shot by Brandon Pirri.
19:56 of 1st period - Stopped by Ebbe Siönäs with a rebound.
Goals for this period are 1 for Rocket vs 0 for Wolves.
Shots for this period are 14 for Rocket vs 12 for Wolves.
2nd period
0:01 of 2nd period - Cedric Paquette wins face-off versus Dominic Turgeon in neutral zone.
0:14 of 2nd period - Snap shot by Brandon Pirri.
0:14 of 2nd period - Shot Misses the Net.
0:28 of 2nd period - Slapshot by Scott Wilson.
0:28 of 2nd period - Stopped by Ebbe Siönäs with a rebound.
0:48 of 2nd period - Slapshot by Jalen Chatfield.
0:48 of 2nd period - Stopped by Jamie Phillips with a rebound.
1:15 of 2nd period - Wrist shot by Victor Olofsson.
1:15 of 2nd period - Shot Misses the Net.
1:57 of 2nd period - Wrist shot by Brandon Pirri.
1:57 of 2nd period - Stopped by Ebbe Siönäs with a rebound.
2:03 of 2nd period - Hayden Hodgson is hit by Brandon Pirri and loses puck.
2:30 of 2nd period - Snap shot by Peter Holland.
2:30 of 2nd period - Shot Blocked by Matthew Kiersted.
2:47 of 2nd period - Off-side.
2:48 of 2nd period - Dominic Turgeon wins face-off versus Maksim Sushko in neutral zone.
3:01 of 2nd period - Brandon Pirri is hit by Parker Kelly and loses puck.
3:23 of 2nd period - Slapshot by Brandon Pirri.
3:23 of 2nd period - Shot Misses the Net.
3:25 of 2nd period - Snap shot by Andrey Pedan.
3:25 of 2nd period - Stopped by Ebbe Siönäs with a rebound.
3:27 of 2nd period - Wrist shot by Adam Gaudette.
3:27 of 2nd period - Shot Blocked by Dylan Coghlan.
3:57 of 2nd period - Slapshot by Jasper Weatherby.
3:57 of 2nd period - Stopped by Jamie Phillips with a rebound.
4:08 of 2nd period - Backhand shot by Andrei Mironov.
4:08 of 2nd period - Stopped by Ebbe Siönäs with a rebound.
4:32 of 2nd period - Snap shot by Brandon Pirri.
4:32 of 2nd period - Stopped by Ebbe Siönäs with a rebound.
4:34 of 2nd period - Wrist shot by Brandon Pirri.
4:34 of 2nd period - Shot Misses the Net.
4:36 of 2nd period - Slapshot by Andrei Mironov.
4:36 of 2nd period - Shot Misses the Net.
4:56 of 2nd period - Snap shot by Brandon Pirri.
4:56 of 2nd period - Shot Misses the Net.
4:58 of 2nd period - Wrist shot by Brandon Pirri.
4:58 of 2nd period - Shot Blocked by Dylan Coghlan.
5:00 of 2nd period - Snap shot by Dominic Turgeon.
5:00 of 2nd period - Stopped by Ebbe Siönäs without a rebound.
5:01 of 2nd period - Peter Holland wins face-off versus Cedric Paquette in Wolves zone.
5:06 of 2nd period - Snap shot by Peter Holland.
5:06 of 2nd period - Stopped by Ebbe Siönäs without a rebound.
5:07 of 2nd period - Victor Olofsson wins face-off versus Peter Holland in Wolves zone.
5:14 of 2nd period - Wrist shot by Victor Olofsson.
5:14 of 2nd period - Shot Misses the Net.
5:22 of 2nd period - Snap shot by Sergey Tolchinsky.
5:22 of 2nd period - Shot Blocked by Jalen Chatfield.
5:36 of 2nd period - Backhand shot by Thomas Spelling.
5:36 of 2nd period - Stopped by Jamie Phillips with a rebound.
5:38 of 2nd period - Slapshot by Jakub Zboril.
5:38 of 2nd period - Stopped by Jamie Phillips without a rebound.
5:39 of 2nd period - Antti Suomela wins face-off versus Scott Wilson in Rocket zone.
6:41 of 2nd period - Jack Glover is hit by Jonah Gadjovich and loses puck.
7:07 of 2nd period - Sergey Tolchinsky is hit by Antti Suomela and loses puck.
8:42 of 2nd period - Viktor Loov is hit by Jalen Chatfield.
9:24 of 2nd period - Jonah Gadjovich is hit by Dominic Turgeon and loses puck.
9:37 of 2nd period - Wrist shot by Karson Kuhlman.
9:37 of 2nd period - Stopped by Ebbe Siönäs without a rebound.
9:38 of 2nd period - JC Lipon wins face-off versus Antti Suomela in Wolves zone.
9:43 of 2nd period - Wrist shot by Jakob Lilja.
9:43 of 2nd period - Shot Misses the Net.
9:45 of 2nd period - Slapshot by Karson Kuhlman.
9:45 of 2nd period - Deflect By Jakob Lilja.
9:45 of 2nd period - Shot Misses the Net.
9:45 of 2nd period - Puck is out of play.
9:46 of 2nd period - Peter Holland wins face-off versus Antti Suomela in Wolves zone.
9:55 of 2nd period - Wrist shot by Peter Holland.
9:55 of 2nd period - Deflect By Scott Wilson.
9:55 of 2nd period - Stopped by Ebbe Siönäs without a rebound.
9:56 of 2nd period - Peter Holland wins face-off versus Cedric Paquette in Wolves zone.
10:02 of 2nd period - Off-side.
10:03 of 2nd period - Cedric Paquette wins face-off versus Dominic Turgeon in neutral zone.
10:07 of 2nd period - Minor Penalty to Adam Gaudette for Holding.
10:08 of 2nd period - Dominic Turgeon wins face-off versus Cedric Paquette in Rocket zone.
10:08 of 2nd period - Dominic Turgeon is hit by Victor Olofsson.
11:39 of 2nd period - Icing by Antti Suomela.
11:40 of 2nd period - Antti Suomela wins face-off versus Peter Holland in Wolves zone.
12:07 of 2nd period - Penalty to Adam Gaudette is over, Adam Gaudette is back on ice.
12:57 of 2nd period - Wrist shot by Peter Holland.
12:57 of 2nd period - Shot Misses the Net.
13:05 of 2nd period - Hayden Hodgson is hit by Dean Kukan and loses puck.
13:09 of 2nd period - Icing by Matthew Kiersted.
13:10 of 2nd period - Luke Kunin wins face-off versus Antti Suomela in Wolves zone.
13:11 of 2nd period - Snap shot by Raphael Bussieres.
13:11 of 2nd period - Stopped by Ebbe Siönäs with a rebound.
13:29 of 2nd period - Raphael Bussieres is hit by Victor Olofsson and loses puck.
13:52 of 2nd period - Wrist shot by Jakub Zboril.
13:52 of 2nd period - Goal by Jakub Zboril - Rocket : 1 - Wolves : 1.
13:53 of 2nd period - Dominic Turgeon wins face-off versus Cedric Paquette in neutral zone.
13:56 of 2nd period - Snap shot by Brandon Pirri.
13:56 of 2nd period - Goal by Brandon Pirri - Rocket : 2 - Wolves : 1.
13:57 of 2nd period - Dominic Turgeon wins face-off versus Cedric Paquette in neutral zone.
14:14 of 2nd period - Slapshot by Dean Kukan.
14:14 of 2nd period - Shot Misses the Net.
14:20 of 2nd period - Minor Penalty to Jakub Zboril for Tripping.
14:21 of 2nd period - Cedric Paquette wins face-off versus Brandon Pirri in Wolves zone.
14:30 of 2nd period - Dylan Coghlan is hit by Adam Gaudette and loses puck.
14:55 of 2nd period - Slapshot by Peter Holland.
14:55 of 2nd period - Shot Blocked by Dylan Coghlan.
14:57 of 2nd period - Snap shot by Viktor Loov.
14:57 of 2nd period - Stopped by Ebbe Siönäs with a rebound.
15:25 of 2nd period - Matthew Kiersted is hit by Scott Wilson and loses puck.
15:46 of 2nd period - Antti Suomela is hit by Brandon Pirri and loses puck.
16:20 of 2nd period - Penalty to Jakub Zboril is over, Jakub Zboril is back on ice.
16:23 of 2nd period - Jakub Zboril is hit by Raphael Bussieres and loses puck.
16:34 of 2nd period - Wrist shot by Luke Kunin.
16:34 of 2nd period - Stopped by Ebbe Siönäs with a rebound.
16:57 of 2nd period - Jasper Weatherby is hit by Karson Kuhlman and loses puck.
17:18 of 2nd period - Andrey Pedan is hit by Thomas Spelling and loses puck.
17:39 of 2nd period - Antti Suomela is hit by JC Lipon and loses puck.
19:07 of 2nd period - JC Lipon is hit by Jasper Weatherby and loses puck.
19:27 of 2nd period - Wrist shot by Brandon Pirri.
19:27 of 2nd period - Stopped by Ebbe Siönäs with a rebound.
19:43 of 2nd period - Cedric Paquette is hit by Viktor Loov and loses puck.
Goals for this period are 1 for Rocket vs 1 for Wolves.
Shots for this period are 14 for Rocket vs 5 for Wolves.
3rd period
0:01 of 3rd period - Cedric Paquette wins face-off versus Dominic Turgeon in neutral zone.
0:12 of 3rd period - Snap shot by Victor Olofsson.
0:12 of 3rd period - Shot Misses the Net.
0:54 of 3rd period - Slapshot by Dylan DeMelo.
0:54 of 3rd period - Stopped by Ebbe Siönäs without a rebound.
0:55 of 3rd period - Dominic Turgeon wins face-off versus Cedric Paquette in Wolves zone.
0:58 of 3rd period - Wrist shot by Brandon Pirri.
0:58 of 3rd period - Shot Blocked by Cedric Paquette.
1:04 of 3rd period - Snap shot by Eric Robinson.
1:04 of 3rd period - Stopped by Jamie Phillips with a rebound.
1:27 of 3rd period - Scott Wilson is hit by Thomas Spelling and loses puck.
1:28 of 3rd period - Scott Wilson from Rocket is injured at 1:28 of 3rd period (Strained Back).
1:29 of 3rd period - Dominic Turgeon wins face-off versus Cedric Paquette in Rocket zone.
1:29 of 3rd period - Dominic Turgeon is hit by Eric Robinson.
1:52 of 3rd period - Minor Penalty to Eric Robinson for Hooking.
1:53 of 3rd period - Dominic Turgeon wins face-off versus Cedric Paquette in Wolves zone.
3:01 of 3rd period - Jonah Gadjovich is hit by Adam Gaudette and loses puck.
3:52 of 3rd period - Penalty to Eric Robinson is over, Eric Robinson is back on ice.
5:33 of 3rd period - Slapshot by Samuel Girard.
5:33 of 3rd period - Deflect By Thomas Spelling.
5:33 of 3rd period - Stopped by Jamie Phillips without a rebound.
5:34 of 3rd period - Luke Kunin wins face-off versus Antti Suomela in Rocket zone.
5:34 of 3rd period - Luke Kunin is hit by Antti Suomela.
5:40 of 3rd period - Slapshot by Thomas Spelling.
5:40 of 3rd period - Stopped by Jamie Phillips with a rebound.
5:42 of 3rd period - Slapshot by Jakub Zboril.
5:42 of 3rd period - Shot Misses the Net.
5:44 of 3rd period - Backhand shot by Thomas Spelling.
5:44 of 3rd period - Goal by Thomas Spelling - Rocket : 2 - Wolves : 2.
5:45 of 3rd period - Brandon Pirri wins face-off versus Cedric Paquette in neutral zone.
5:45 of 3rd period - Brandon Pirri is hit by Victor Olofsson.
6:23 of 3rd period - Off-side.
6:24 of 3rd period - Peter Holland wins face-off versus Antti Suomela in neutral zone.
6:49 of 3rd period - Dylan Coghlan is hit by Brandon Pirri and loses puck.
7:40 of 3rd period - Snap shot by Antti Suomela.
7:40 of 3rd period - Stopped by Jamie Phillips with a rebound.
7:56 of 3rd period - Slapshot by Jalen Chatfield.
7:56 of 3rd period - Shot Blocked by Raphael Bussieres.
9:16 of 3rd period - Jasper Weatherby is hit by Jakob Lilja and loses puck.
9:55 of 3rd period - Dean Kukan is hit by Wade Allison and loses puck.
10:03 of 3rd period - Off-side.
10:04 of 3rd period - Karson Kuhlman wins face-off versus Cedric Paquette in neutral zone.
10:11 of 3rd period - Wrist shot by Cedric Paquette.
10:11 of 3rd period - Deflect By Eric Robinson.
10:11 of 3rd period - Shot Blocked by Andrei Mironov.
10:11 of 3rd period - Puck is out of play.
10:12 of 3rd period - Karson Kuhlman wins face-off versus Cedric Paquette in Rocket zone.
10:12 of 3rd period - Karson Kuhlman is hit by Victor Olofsson.
10:40 of 3rd period - Victor Olofsson is hit by Jakob Lilja and loses puck.
10:49 of 3rd period - Andrey Pedan is hit by Cedric Paquette and loses puck.
10:58 of 3rd period - Wrist shot by Victor Olofsson.
10:58 of 3rd period - Shot Misses the Net.
11:00 of 3rd period - Wrist shot by Cedric Paquette.
11:00 of 3rd period - Deflect By Jakob Lilja.
11:00 of 3rd period - Shot Misses the Net.
11:00 of 3rd period - Puck is out of play.
11:01 of 3rd period - Antti Suomela wins face-off versus Dominic Turgeon in Rocket zone.
11:56 of 3rd period - Minor Penalty to Luke Kunin for Hooking.
11:57 of 3rd period - Dominic Turgeon wins face-off versus Eric Robinson in Rocket zone.
13:56 of 3rd period - Penalty to Luke Kunin is over, Luke Kunin is back on ice.
14:16 of 3rd period - Snap shot by Jakob Lilja.
14:16 of 3rd period - Shot Misses the Net.
14:28 of 3rd period - Andrey Pedan is hit by Jonah Gadjovich and loses puck.
15:30 of 3rd period - Jack Glover is hit by Eric Robinson and loses puck.
16:11 of 3rd period - Wrist shot by Jake Evans.
16:11 of 3rd period - Stopped by Jamie Phillips with a rebound.
17:52 of 3rd period - Icing by Jake Evans.
17:53 of 3rd period - Dominic Turgeon wins face-off versus Jonah Gadjovich in Wolves zone.
18:44 of 3rd period - Icing by Karson Kuhlman.
18:45 of 3rd period - Karson Kuhlman wins face-off versus Cedric Paquette in Rocket zone.
18:59 of 3rd period - Dylan Coghlan is hit by Brandon Pirri and loses puck.
19:47 of 3rd period - Icing by Jakob Lilja.
19:48 of 3rd period - Cedric Paquette wins face-off versus Dominic Turgeon in Rocket zone.
Goals for this period are 0 for Rocket vs 1 for Wolves.
Shots for this period are 1 for Rocket vs 6 for Wolves.
Overtime #1
0:01 of 1st overtime period - Dominic Turgeon wins face-off versus Antti Suomela in neutral zone.
0:10 of 1st overtime period - Wrist shot by Dominic Turgeon.
0:10 of 1st overtime period - Deflect By Brandon Pirri.
0:10 of 1st overtime period - Shot Blocked by Antti Suomela.
0:10 of 1st overtime period - Puck is out of play.
0:11 of 1st overtime period - Victor Olofsson wins face-off versus Brandon Pirri in Wolves zone.
0:36 of 1st overtime period - Antti Suomela is hit by Peter Holland and loses puck.
0:43 of 1st overtime period - Snap shot by Thomas Spelling.
0:43 of 1st overtime period - Goal by Thomas Spelling - Rocket : 2 - Wolves : 3.
Goals for this period are 0 for Rocket vs 1 for Wolves.
Shots for this period are 0 for Rocket vs 1 for Wolves.